[Event "Early-Titled-Tuesday-Blitz-July-09-2024"]
[Site "Chess.com"]
[Date "2024.07.09"]
[Round "7"]
[White "YaWaleriy"]
[Black "mouseslips_are_the_best"]
[Result "1-0"]
[WhiteElo "2443"]
[BlackElo "2313"]
[TimeControl "180+1"]
[EndTime "9:20:02 PDT"]
[Termination "YaWaleriy won by resignation"]

1. d4 Nf6 2. Nf3 g6 3. c4 Bg7 4. Nc3 d6 5. e4 O-O 6. Be2 e5 7. d5 a5 8. Bg5 h6 9. Bh4 Na6 10. Nd2 Qe8 11. a3 Nh7 12. b4 Bd7 13. Rb1 h5 14. f3 Bf6 15. Bf2 Qe7 16. O-O Bh4 17. Qe1 Bxf2+ 18. Qxf2 Qg5 19. Rfd1 h4 20. c5 Nf6 21. c6 bxc6 22. dxc6 Be6 23. Bc4 Nh5 24.
Kh1 Ng3+ 25. Kg1 Nh5 26. Kf1 Nf4 27. Nd5 Bxd5 28. Bxd5 h3 29. g3 Ng2 30. Nc4 Kg7 31.
b5 Nc5 32. b6 cxb6 33. Rxb6 Rab8 34. Rdb1 Rxb6 35. Nxb6 Nd3 36. Qe2 Qe3 37. Qxe3 Nxe3+ 38. Ke2 Nxd5 39. exd5 Nc5 40. c7 f5 41. c8=Q Rxc8 42.
Nxc8 1-0

[Event "Early-Titled-Tuesday-Blitz-July-09-2024"]
[Site "Chess.com"]
[Date "2024.07.09"]
[Round "7"]
[White "GM_Huschenbeth"]
[Black "AcostaPablo"]
[Result "0-1"]
[WhiteElo "2515"]
[BlackElo "2691"]
[TimeControl "180+1"]
[EndTime "9:20:03 PDT"]
[Termination "AcostaPablo won on time"]

1. e4 e6 2. d4 d5 3. Nc3 Nf6 4. Bg5 Be7 5. e5 Nfd7 6. h4 a6 7. f4 c5 8. Nf3 Nc6 9. Bxe7 Qxe7 10. Ne2 f5 11. c3 Nb6 12. dxc5 Qxc5 13. Ned4 Bd7 14.
h5 h6 15. Qd2 O-O 16. Bd3 Nc4 17. Qf2 b5 18. O-O Qe7 19. Nh4 Rfc8 20. Ng6 Qd8 21.
g4 fxg4 22. Kh2 b4 23. Rg1 bxc3 24. bxc3 Rab8 25. Rxg4 Nxd4 26. Qxd4 Rb2+ 27. Kh3 Nd2 28. Nh4 Be8 29. Rag1 Rc7 30. Bg6 Bxg6 31. Rxg6 Ne4 32. Nf3 Qf8 33. Qe3 Qf5+ 34. Kh4 Ng5 35. Nxg5 hxg5+ 36. R6xg5 Qc2 0-1

[Event "Early-Titled-Tuesday-Blitz-July-09-2024"]
[Site "Chess.com"]
[Date "2024.07.09"]
[Round "7"]
[White "Dewarfd"]
[Black "JavierRuizVazquez"]
[Result "0-1"]
[WhiteElo "2085"]
[BlackElo "2392"]
[TimeControl "180+1"]
[EndTime "9:20:05 PDT"]
[Termination "JavierRuizVazquez won on time"]

1. Nf3 Nf6 2. e3 g6 3. b4 Bg7 4. Bb2 O-O 5. c4 d6 6. d4 Nbd7 7. Be2 c5 8. a3 Qb6 9. Qb3 Ne4 10. O-O Ndf6 11. Rd1 Be6 12. d5 Bg4 13. b5 a6 14. a4 axb5 15. axb5 Rxa1 16. Bxa1 Nxf2 17. Bxf6 Nxd1 18. Bxg7 Kxg7 19. Bxd1 Ra8 20. h3 Bf5 21. Bc2 Bxc2 22. Qxc2 f6 23. Nc3 Ra1+ 24. Kh2 Qa5 25. Ne2 Qa2 26. Qd3 Qb1 27. Qxb1 Rxb1 28. Nf4 Rc1 29. Ne6+ Kg8 30. Nd2 Rc2 31. Nb3 Rxc4 32. Na5 Rb4 33. Nxb7 Rxb5 34. Nbd8 c4 35. e4 c3 36. Nd4 Rb2 37. N8c6 Kf7 38. Kg3 c2 39. Ne2 Rb3+ 40. Kf2 Rc3 0-1

[Event "Early-Titled-Tuesday-Blitz-July-09-2024"]
[Site "Chess.com"]
[Date "2024.07.09"]
[Round "7"]
[White "zsizsi99"]
[Black "Bkmzzzzz"]
[Result "1-0"]
[WhiteElo "2541"]
[BlackElo "2417"]
[TimeControl "180+1"]
[EndTime "9:20:06 PDT"]
[Termination "zsizsi99 won by resignation"]

1. e4 d6 2. d4 Nf6 3. Nc3 e5 4. Nf3 Nbd7 5. Rg1 g6 6. g4 Bg7 7. g5 Nh5 8. Be3 c6 9. Qd2 Qa5 10. O-O-O O-O 11. Kb1 b5 12. a3 Rb8 13. Bh3 Nf4 14.
Bxd7 Bxd7 15. dxe5 b4 16. Na2 Be6 17. Bxf4 dxe5 18.
Be3 c5 19. Nc1 c4 20. Qe1 c3 21. Nb3 Bxb3 22. cxb3 bxa3 23. Qxc3 a2+ 24. Ka1 Qa6 25.
Qc4 Qb7 26. Rd5 Rfc8 27. Rc5 Rd8 28. Rc1 Bf8 29. Rc7 Qxb3 30. Qxb3 Rxb3 31. Kxa2 Rb5 32. Rxa7 Rdb8 33. Rc2 Rb4 34. Nd2 R4b5 35. b3 Re8 36. Rcc7 Rd8 37. Rxf7 Rb4 38. Rxh7 Rbb8 39. Rhd7 Rdc8 40.
Nc4 Rb4 41. Bd2 Rb5 42. Bc3 Rbc5 43. Bxe5 Re8 44. Bd6 Bg7 45. Rxg7+ 1-0

[Event "Early-Titled-Tuesday-Blitz-July-09-2024"]
[Site "Chess.com"]
[Date "2024.07.09"]
[Round "7"]
[White "Dmitry_Ponomarev"]
[Black "Resourchess"]
[Result "1-0"]
[WhiteElo "2523"]
[BlackElo "2369"]
[TimeControl "180+1"]
[EndTime "9:20:07 PDT"]
[Termination "Dmitry_Ponomarev won on time"]

1. e4 d6 2. d4 g6 3. f3 Bg7 4. c4 e5 5. d5 a5 6. Nc3 Ne7 7. Be3 f5 8. Bd3 f4 9. Bf2 O-O 10. c5 Na6 11. cxd6 cxd6 12. Nge2 g5 13. h3 Ng6 14.
Qb3 Rf6 15. Bb6 Qf8 16. Rc1 Nh4 17. Kf2 h5 18. Nb5 a4 19. Qa3 Bd7 20. Nc7 Nxc7 21.
Bxc7 Qe7 22. Bb6 Bf8 23. Rc7 Qg7 24. Rxb7 Nxg2 25. Kxg2 Bxh3+ 26. Rxh3 Qxb7 27. Bf2 g4 28. Rxh5 gxf3+ 29. Kxf3 Qf7 30. Rh1 Rh6 31. Rxh6 Bxh6 32. Ng1 Qh5+ 33. Kg2 Qg4+ 34. Kf1 Qd1+ 35. Kg2 Kh7 36.
Qxd6 Rg8+ 37. Kh2 Qh5+ 38. Nh3 f3 39. Qd7+ Kh8 40. Qf5 Rg2+ 41. Kh1 Qxf5 42. exf5 Bf8 43. Be4 Bd6 44. Bxf3 Rg8 45. Be4 Rb8 46. Ng5 Kg7 47. Ne6+ Kh6 48. Be3+ Kh5 49. Kg2 Rxb2+ 50. Kh3 1-0

[Event "Early-Titled-Tuesday-Blitz-July-09-2024"]
[Site "Chess.com"]
[Date "2024.07.09"]
[Round "7"]
[White "Chessbard1972"]
[Black "nj123456"]
[Result "0-1"]
[WhiteElo "2236"]
[BlackElo "2535"]
[TimeControl "180+1"]
[EndTime "9:20:08 PDT"]
[Termination "nj123456 won on time"]

1. d4 d5 2. c4 e6 3. Nc3 Nf6 4. Bg5 Nbd7 5. cxd5 exd5 6. e3 c6 7. Qc2 Be7 8. Bd3 O-O 9. f3 Re8 10. Nge2 Nf8 11. Bh4 g6 12. O-O c5 13. Qd2 b6 14.
Bf2 a6 15. Rad1 Bb7 16. Ng3 Ne6 17. Bb1 Qc7 18. Rfe1 Rad8 19. Nge2 Bd6 20. Bg3 h5 21. Bxd6 Qxd6 22. Ng3 h4 23. Nf1 Qb8 24. Qf2 h3 25. g4 cxd4 26. exd4 Nf4 27. Ne3 Re7 28. Qh4 Qd6 29.
Kf2 Rde8 30. a3 Rxe3 31. Rxe3 Rxe3 32. Rg1 Re8 33. Qh6 Ne2 34. Qxh3 Nxd4 35. Qh6 Nd7 36. h4 Qh2+ 37. Rg2 Qe5 38. Rg1 Qg7 39. Qd2 Nc5 40. Na4 Re2+ 41. Qxe2 Nxe2 42. Nxc5 bxc5 43. Kxe2 Qxb2+ 0-1

[Event "Early-Titled-Tuesday-Blitz-July-09-2024"]
[Site "Chess.com"]
[Date "2024.07.09"]
[Round "7"]
[White "guillembaches"]
[Black "slidingknight2775"]
[Result "0-1"]
[WhiteElo "2556"]
[BlackElo "2769"]
[TimeControl "180+1"]
[EndTime "9:20:09 PDT"]
[Termination "slidingknight2775 won by checkmate"]

1. e4 c6 2. d4 d5 3. e5 Bf5 4.
Be3 e6 5. Nd2 Ne7 6. Be2 Nd7 7.
f4 c5 8. Ngf3 Nc6 9. c4 cxd4 10.
Nxd4 Nxd4 11. Bxd4 Bc5 12. Nb3 Bb4+ 13. Kf2 Be4 14.
a3 Be7 15. cxd5 Bxd5 16. Bf3 Nb6 17. Be3 O-O 18. Rc1 Nc4 19. Bd4 f6 20. exf6 Bxf6 21. Bxf6 Rxf6 22. Bxd5 exd5 23. g3 Qb6+ 24. Nd4 Qxb2+ 25.
Rc2 Qxa3 26. Re1 h6 27. Qh5 Qc5 28. Rd1 Rd8 29. Re2 a5 30. Kg2 Kh8 31. Nf3 Ne3+ 32.
Rxe3 Qxe3 33. Ne5 Qe4+ 34. Kg1 Qf5 35. Qf3 Re8 36. Qc3 Qe4 37. Rd4 Qb1+ 38. Kg2 Rxe5 39. Qc8+ Kh7 40. fxe5 Qf1# 0-1

[Event "Early-Titled-Tuesday-Blitz-July-09-2024"]
[Site "Chess.com"]
[Date "2024.07.09"]
[Round "7"]
[White "UnTucopalaTimba"]
[Black "boguszp"]
[Result "0-1"]
[WhiteElo "2116"]
[BlackElo "1955"]
[TimeControl "180+1"]
[EndTime "9:20:09 PDT"]
[Termination "boguszp won by checkmate"]

1. e4 c6 2. d4 d5 3. Nc3 dxe4 4. Nxe4 Bf5 5. Ng3 Bg6 6. Nh3 e6 7.
Nf4 Bd6 8. h4 Ne7 9. h5 Bf5 10.
Nxf5 Nxf5 11. c3 h6 12. Bd3 Qf6 13. Qg4 Ne7 14. Bd2 Nd7 15. O-O-O O-O-O 16. Rhe1 Nd5 17. Nxd5 cxd5 18. f4 Rhg8 19. g3 Qe7 20. Qf3 Nf6 21. g4 Nd7 22. Rh1 Rde8 23. Be1 Nb6 24. Bf2 Qc7 25.
f5 Nc4 26. Rhe1 Kb8 27. fxe6 fxe6 28. Re2 Bf4+ 29. Kb1 Rgf8 30. Qg2 Rc8 31. Bh4 Ne3 32. Rxe3 Bxe3 33. Re1 Bg5 34. Bg3 Bf4 35. Bh4 Rf7 36.
Rxe6 Ka8 37. Bf5 Bg5 38. Bg3 Qa5 39. Re2 Qb5 40. Bxc8 Re7 41. Rxe7 Bxe7 42. Bf5 Bg5 43. Qf2 a6 44. Be5 Qa4 45. Bxg7 Qd1# 0-1

[Event "Early-Titled-Tuesday-Blitz-July-09-2024"]
[Site "Chess.com"]
[Date "2024.07.09"]
[Round "7"]
[White "sergoy"]
[Black "Kobalia"]
[Result "0-1"]
[WhiteElo "2938"]
[BlackElo "2827"]
[TimeControl "180+1"]
[EndTime "9:20:10 PDT"]
[Termination "Kobalia won by resignation"]

1. d4 d5 2. c4 c6 3. Nf3 Nf6 4. Nc3 e6 5. Bg5 h6 6. Bh4 Be7 7. e3 Nbd7 8. Qc2 O-O 9. Rd1 b6 10. Be2 Ba6 11. b3 Rc8 12. O-O Ne8 13. Bg3 Nd6 14.
Nd2 Nf5 15. Bf4 Bd6 16. Bxd6 Nxd6 17. e4 dxc4 18. Nxc4 Nxc4 19. bxc4 Bb7 20. f4 c5 21.
d5 e5 22. Bg4 Re8 23. Nb5 Nf6 24. Bxc8 Bxc8 25. fxe5 Rxe5 26. Nxa7 Bd7 27. Nc6 Bxc6 28. dxc6 Qc7 29. Rf5 Rxf5 30. exf5 Ng4 31. Qe4 Qxh2+ 32. Kf1 Qh1+ 33. Ke2 Qxd1+ 34. Kxd1 Nf2+ 35. Ke2 Nxe4 36. Kf3 Nd6 37. Kf4 f6 38. Kg4 Kf7 39. c7 Ke7 40. Kh5 Kd7 41. Kg6 h5 42. Kxg7 Nxf5+ 43. Kxf6 Ne3 0-1

[Event "Early-Titled-Tuesday-Blitz-July-09-2024"]
[Site "Chess.com"]
[Date "2024.07.09"]
[Round "7"]
[White "prosequi"]
[Black "IsuruAlahakoon"]
[Result "1-0"]
[WhiteElo "2350"]
[BlackElo "2426"]
[TimeControl "180+1"]
[EndTime "9:20:10 PDT"]
[Termination "prosequi won on time"]

1. e4 d5 2. exd5 Qd6 3. Nc3 Nf6 4. Nb5 Qd8 5. c4 c6 6. dxc6 Nxc6 7. Nf3 a6 8. Nc3 e5 9. d3 Bc5 10. Bg5 Qb6 11.
Qd2 Qa7 12. a3 Nd4 13. Nxd4 Bxd4 14. Bxf6 gxf6 15. Nd5 Be6 16. Nc7+ Ke7 17. Nxa8 Rxa8 18. g3 Rd8 19. Bg2 Bc5 20. Qe2 h5 21. h4 Bg4 22.
Bf3 Bxf3 23. Qxf3 Qb6 24. Qe2 Bd4 25. O-O Rg8 26. Kh2 Rg4 27. f3 Rg6 28. Rab1 Qe6 29. Qe4 f5 30. Qxb7+ Kf8 31. Qb4+ Kg8 32. Qd2 f4 33.
Rg1 Qf6 34. Kh3 Qf5+ 35. g4 hxg4+ 36. fxg4 Qf6 37. Qg2 f3 38. Qg3 f2 39. Rgf1 1-0

[Event "Early-Titled-Tuesday-Blitz-July-09-2024"]
[Site "Chess.com"]
[Date "2024.07.09"]
[Round "7"]
[White "Os55555"]
[Black "Fh2411"]
[Result "0-1"]
[WhiteElo "2340"]
[BlackElo "2591"]
[TimeControl "180+1"]
[EndTime "9:20:11 PDT"]
[Termination "Fh2411 won on time"]

1. b3 d5 2. Bb2 c6 3. e3 Bf5 4.
Nf3 e6 5. g3 Nf6 6. Bg2 h6 7. O-O Be7 8. d3 O-O 9. c4 a5 10. a3 Na6 11. Nc3 Nc5 12. Ne1 dxc4 13. e4 Bg4 14. f3 Nxb3 15. fxg4 Nxa1 16. Bxa1 cxd3 17. Qb3 Nxg4 18. Nd1 d2 19. Nf3 Qd6 20. Qb2 e5 21. h3 Nf6 22. Nxe5 Qxa3 23. Qxb7 Bc5+ 24.
Kh1 Qxa1 25. Nxc6 Rae8 26. Qb3 Bd6 27. e5 Bxe5 28. Qc2 Bxg3 29. Qxd2 Qa4 30. Nd4 Qc4 31. Nf3 Bb8 32. Qf2 Qc7 33. Qh4 Ne4 34. Ne3 Ng3+ 35. Kg1 Rxe3 36. Qg4 Nxf1 37. Kxf1 Rfe8 38. Kf2 Qc2+ 0-1

[Event "Early-Titled-Tuesday-Blitz-July-09-2024"]
[Site "Chess.com"]
[Date "2024.07.09"]
[Round "7"]
[White "eljanov"]
[Black "Oleksandr_Bortnyk"]
[Result "1-0"]
[WhiteElo "2934"]
[BlackElo "3062"]
[TimeControl "180+1"]
[EndTime "9:20:12 PDT"]
[Termination "eljanov won by resignation"]

1. d4 Nf6 2. c4 b6 3. Nc3 Bb7 4.
Qc2 g6 5. e4 d6 6. Nf3 Bg7 7. Be2 O-O 8. O-O c5 9. d5 e6 10. h3 exd5 11. cxd5 Na6 12. Bf4 Nc7 13. Rfe1 Re8 14. a4 a6 15. Bc4 Rb8 16. Rad1 Nh5 17. Bh2 Bxc3 18. bxc3 b5 19. axb5 axb5 20. Bf1 f6 21.
Ra1 Re7 22. Nd2 Bc8 23. Reb1 f5 24. Nc4 fxe4 25. Nxd6 Nxd5 26. Rd1 Be6 27. Nxb5 Ra8 28.
c4 Rxa1 29. Rxa1 Ndf6 30. Bd6 Rd7 31. Bxc5 Rd2 32. Qc3 Rd1 33. Nd4 Rxa1 34. Qxa1 Bf7 35. Nc6 Qe8 36. Ne5 Be6 37. Be3 Ng7 38. c5 Nf5 39. c6 Nxe3 40. fxe3 Nd5 41. Qd4 Nc7 42. Bc4 Bxc4 43. Qxc4+ Kg7 44. Qd4 Qe6 45. Qd7+ Qxd7 46. cxd7 Ne6 47. Nc6 Kf6 48. d8=Q+ Nxd8 49. Nxd8 1-0

[Event "Early-Titled-Tuesday-Blitz-July-09-2024"]
[Site "Chess.com"]
[Date "2024.07.09"]
[Round "7"]
[White "CSB7"]
[Black "2KTNGO"]
[Result "1-0"]
[WhiteElo "2767"]
[BlackElo "2593"]
[TimeControl "180+1"]
[EndTime "9:20:12 PDT"]
[Termination "CSB7 won on time"]

1. e4 d6 2. d4 Nf6 3. f3 c5 4.
dxc5 Qa5+ 5. Nc3 Qxc5 6. Qd3 Nc6 7. Be3 Qa5 8. Ne2 g6 9. Qd2 Bg7 10. O-O-O Be6 11. Kb1 Rc8 12. a3 Ne5 13. Nf4 Nc4 14. Bxc4 Bxc4 15. g4 h5 16. g5 Nd7 17. Ncd5 Qxd2 18.
Rxd2 Ne5 19. Rf2 Nc6 20. Rd1 h4 21. h3 Ba6 22. b3 b6 23. a4 Bb7 24. c4 Be5 25.
Nd3 Bg3 26. Rg2 Ne5 27. Nxe5 Bxe5 28. f4 Bg7 29. Bd4 Bxd4 30. Rxd4 Bxd5 31. exd5 Kd7 32. Re2 Rhe8 33. Kc2 e6 34. dxe6+ Rxe6 35. Red2 Kc7 36. f5 gxf5 37. Rxh4 Rg8 38. Rh7 Rgg6 39. Rxf7+ Kc6 40. Rxf5 1-0

[Event "Early-Titled-Tuesday-Blitz-July-09-2024"]
[Site "Chess.com"]
[Date "2024.07.09"]
[Round "7"]
[White "waltereador"]
[Black "BobbyFischer1508"]
[Result "0-1"]
[WhiteElo "2319"]
[BlackElo "2439"]
[TimeControl "180+1"]
[EndTime "9:20:12 PDT"]
[Termination "BobbyFischer1508 won by checkmate"]

1. e4 e6 2. d4 d5 3. exd5 exd5 4. Nf3 c5 5. h3 Nc6 6. dxc5 Bxc5 7. Bd3 Nge7 8. O-O h6 9. Nc3 O-O 10. Re1 a6 11.
Ne5 Qc7 12. Nxc6 bxc6 13. Ne2 Ng6 14. c3 a5 15. Nd4 Rb8 16. Be3 Bd6 17. b3 a4 18. Bc2 axb3 19. axb3 Bd7 20. b4 Ne5 21. Nf3 Nc4 22. Qd3 f5 23. Ra7 Rb7 24. Rxb7 Qxb7 25.
Bd4 Qa6 26. Nh4 Qa2 27. Ng6 Rf7 28. g3 Na3 29. Bd1 Qc4 30. Qxc4 Nxc4 31. Ne5 Nxe5 32. Bxe5 Bxe5 33. Rxe5 Kf8 34. f4 Re7 35. Rxe7 Kxe7 36. Kf2 Kd6 37. Ke3 c5 38. Bc2 Be6 39. Bd1 Kc6 40. g4 d4+ 41. cxd4 cxb4 42. Ba4+ Kd6 43.
gxf5 Bxf5 44. Bb3 Bxh3 45. Ke4 Be6 46. d5 Bf7 47. Kd4 h5 48. f5 h4 49. Bd1 h3 50.
Bg4 h2 51. Bf3 b3 52. Kc3 Bxd5 53. Bxd5 Kxd5 54. f6 gxf6 55. Kxb3 h1=Q 56. Kc3 Qg2 57. Kd3 Qg3+ 58. Ke2 Qg4+ 59. Kf1 f5 60. Kf2 f4 61. Kf1 f3 62. Ke1 Qg2 63. Kd1 Qa2 64. Kc1 f2 65.
Kd1 f1=Q# 0-1

[Event "Early-Titled-Tuesday-Blitz-July-09-2024"]
[Site "Chess.com"]
[Date "2024.07.09"]
[Round "7"]
[White "sirinbaba33"]
[Black "nindjaxx8"]
[Result "1-0"]
[WhiteElo "2586"]
[BlackElo "2698"]
[TimeControl "180+1"]
[EndTime "9:20:13 PDT"]
[Termination "sirinbaba33 won by checkmate"]

1. e4 e6 2. d4 d5 3. Nc3 Bb4 4. e5 c5 5. a3 Bxc3+ 6. bxc3 Ne7 7. Qg4 Qc7 8. Bd3 cxd4 9. Ne2 dxc3 10. Qxg7 Rg8 11.
Qxh7 Nbc6 12. f4 Bd7 13. Be3 O-O-O 14. Nxc3 a6 15. Ne2 Rxg2 16. Ng3 d4 17. Bd2 Nd5 18.
Qe4 Rxd2 19. Kxd2 Qa5+ 20. Kc1 Qc3 21. Ra2 Na5 22. Qe1 Qc7 23. Ne4 Ba4 24. Rb2 Bc6 25. Rf1 Ne3 26. Nd6+ Kb8 27. Rg1 Rh8 28. h4 Ba4 29.
Rg7 Rf8 30. Kb1 Nd5 31. Kc1 Nc3 32. Bxa6 Qc5 33. Bxb7 Qxa3 34. Bg2+ Nb3+ 35. cxb3 Qa1+ 36. Kc2 Qxe1 37. bxa4+ Ka7 38. Kd3 Nxa4 39. Nb5+ Ka6 40. Nc7+ Ka5 41. Rb5# 1-0

[Event "Early-Titled-Tuesday-Blitz-July-09-2024"]
[Site "Chess.com"]
[Date "2024.07.09"]
[Round "7"]
[White "FM_Kappeler"]
[Black "Happy1712Drummer"]
[Result "1-0"]
[WhiteElo "2295"]
[BlackElo "2435"]
[TimeControl "180+1"]
[EndTime "9:20:13 PDT"]
[Termination "FM_Kappeler won by resignation"]

1. d4 d5 2. c4 e6 3. Nf3 a6 4. cxd5 exd5 5. Bg5 Nf6 6. e3 Bd6 7. Bd3 Be6 8. Nc3 Nbd7 9. O-O c6 10. Rb1 a5 11. a3 O-O 12. b4 axb4 13. axb4 b5 14. Ne2 h6 15. Bf4 Nb6 16. Bxd6 Qxd6 17. Nf4 Bd7 18. Bc2 Nc4 19. Nd3 Bf5 20. Nc5 Bxc2 21. Qxc2 Na3 22. Qf5 Nxb1 23. Rxb1 g6 24. Qd3 Nd7 25. Nxd7 Qxd7 26. Ne5 Qd6 27. Qc3 Rfc8 28.
Rc1 Ra4 29. Nd3 Rca8 30. h4 Ra3 31. Qc2 R8a4 32. h5 Kg7 33. Ne5 Rxb4 34. hxg6 fxg6 35. Qe2 Ra6 36. Qg4 Rba4 37. Qc8 b4 38. g3 Ra7 39.
Nxc6 Rf7 40. Ne5 Re7 41. Rc6 Ra1+ 42. Kg2 Qe6 43. Rxe6 1-0

[Event "Early-Titled-Tuesday-Blitz-July-09-2024"]
[Site "Chess.com"]
[Date "2024.07.09"]
[Round "7"]
[White "rasmussvane"]
[Black "Lion-Al-Messi"]
[Result "1-0"]
[WhiteElo "2908"]
[BlackElo "2661"]
[TimeControl "180+1"]
[EndTime "9:20:14 PDT"]
[Termination "rasmussvane won on time"]

1. Nf3 Nf6 2. g3 b6 3. Bg2 Bb7 4. O-O c5 5. c4 g6 6. Nc3 Bg7 7.
d4 cxd4 8. Qxd4 Nc6 9. Qf4 Rc8 10. Rd1 Na5 11. b3 O-O 12. Bb2 d6 13. Rac1 Ne4 14. Ne1 f5 15. Qe3 Rxc4 16. Nxe4 Rxe4 17. Bxe4 Bxb2 18. Bxb7 Nxb7 19. Rc2 Bf6 20. Qe6+ Kg7 21. b4 a5 22. a3 axb4 23. axb4 Qa8 24. Nd3 Qa4 25.
Rdc1 Nd8 26. Qd5 Nf7 27. Nf4 Kg8 28. Ne6 Re8 29. Rc8 h5 30. Nd8 Rxd8 31. Rxd8+ Kg7 32. Ra8 Qxb4 33. Rcc8 Qe1+ 34. Kg2 Qxe2 35. h4 e6 36. Qb7 Bd4 37. Qf3 Qb2 38. Rc7 b5 39. Rb8 e5 40.
Rxf7+ Kxf7 41. Qd5+ Ke7 42. Rb7+ 1-0

[Event "Early-Titled-Tuesday-Blitz-July-09-2024"]
[Site "Chess.com"]
[Date "2024.07.09"]
[Round "7"]
[White "AA95"]
[Black "Mops_2004"]
[Result "0-1"]
[WhiteElo "2518"]
[BlackElo "2719"]
[TimeControl "180+1"]
[EndTime "9:20:15 PDT"]
[Termination "Mops_2004 won by resignation"]

1. Nf3 f5 2. g3 Nf6 3. Bg2 g6 4. O-O Bg7 5. d4 d6 6. c4 O-O 7.
Nc3 c6 8. Bg5 Nbd7 9. Qb3 Kh8 10. Rad1 Qc7 11. Qa3 e5 12. dxe5 dxe5 13. e4 h6 14. Bc1 f4 15. Nh4 Kh7 16. Rd6 Rf7 17. gxf4 Bf8 18. fxe5 Nxe5 19. c5 Nc4 20. Qb3 Nxd6 21.
cxd6 Bxd6 22. f4 Ng4 23. Qc2 Bxf4 24. e5 Bxh2+ 25. Kh1 Rxf1+ 26. Bxf1 Qf7 27. Bd3 Nxe5 28. Kxh2 Nxd3 29. Qxd3 Qf2+ 30. Ng2 Bf5 31. Qe3 Qxe3 32. Bxe3 b6 33. Nh4 Bd3 34. Nf3 Re8 35. Bd4 g5 36. Ne5 c5 37. Bxc5 Rxe5 38. Bd6 Re6 39. Bb8 a6 40. Kg3 Kg6 41. Bc7 h5 42. Nd5 h4+ 43.
Kg2 Be4+ 44. Kh2 Bxd5 45. Bb8 Re2+ 46. Kg1 Be6 0-1

[Event "Early-Titled-Tuesday-Blitz-July-09-2024"]
[Site "Chess.com"]
[Date "2024.07.09"]
[Round "7"]
[White "NM_Antelacus"]
[Black "Kopytkin"]
[Result "0-1"]
[WhiteElo "2287"]
[BlackElo "2421"]
[TimeControl "180+1"]
[EndTime "9:20:15 PDT"]
[Termination "Kopytkin won on time"]

1. e4 Nf6 2. e5 Nd5 3. d4 d6 4. Nf3 Bg4 5. Be2 e6 6. O-O Be7 7. h3 Bh5 8. c4 Nb6 9. b3 O-O 10. Bb2 a5 11. Nc3 d5 12. c5 N6d7 13. a3 Nc6 14. Nb5 b6 15. cxb6 cxb6 16. Rc1 Rc8 17.
Qd2 f6 18. exf6 Nxf6 19. Ne5 Nxe5 20. dxe5 Ne4 21. Qd3 Rxc1 22. Bxc1 Nc5 23. Qd1 Bxe2 24. Qxe2 Nxb3 25. Bb2 Nc5 26. Bd4 Rf4 27. Be3 Rf5 28.
f4 g6 29. g4 Rf8 30. Bd4 Bh4 31. Qd3 Ne4 32. Qc2 Qc8 33. Rc1 Qxc2 34. Rxc2 Rxf4 35.
Nc7 Nc5 36. Bxc5 bxc5 37. Nxe6 Rc4 38. Rb2 Kf7 39. Nd8+ Ke8 40. Nb7 Ra4 41. Nxc5 Rxa3 42. Rb7 Ra2 43. Ne6 d4 44. Rc7 d3 45. Ng7+ Kf8 46.
Ne6+ Kg8 47. Rd7 d2 0-1

[Event "Early-Titled-Tuesday-Blitz-July-09-2024"]
[Site "Chess.com"]
[Date "2024.07.09"]
[Round "7"]
[White "Puzzlebot_1294"]
[Black "Bauman_Guy"]
[Result "0-1"]
[WhiteElo "2680"]
[BlackElo "2949"]
[TimeControl "180+1"]
[EndTime "9:20:16 PDT"]
[Termination "Bauman_Guy won on time"]

1. d4 Nf6 2. Bf4 b6 3. e3 Bb7 4.
c3 g6 5. h3 Bg7 6. Nd2 d6 7.
Ngf3 O-O 8. Be2 Nbd7 9. O-O Re8 10. Bh2 e5 11. a4 a5 12. Qc2 Qe7 13. b4 Nd5 14. bxa5 Rxa5 15. e4 Nf4 16. Bxf4 exf4 17. Bd3 h5 18. Rfe1 g5 19. Nb3 Raa8 20. Nfd2 g4 21.
hxg4 hxg4 22. g3 Qg5 23. Nf1 Nf6 24. gxf4 Qxf4 25. Ng3 Bh6 26. a5 bxa5 27. Nxa5 Bc8 28. Nb3 Rxa1 29. Nxa1 Bg5 30. Nb3 Bh4 31. Nf1 Kg7 32.
Qd2 Nh5 33. Ne3 g3 34. f3 Bg5 35. Qg2 Qh4 36. Nf1 Rh8 37. e5 Kf8 38. Re4 Nf4 39. Rxf4 Bxf4 40. exd6 cxd6 41. Na5 Bh3 42. Qb2 g2 43. Nh2 Qe1+ 44. Bf1 Be3+ 0-1

[Event "Early-Titled-Tuesday-Blitz-July-09-2024"]
[Site "Chess.com"]
[Date "2024.07.09"]
[Round "7"]
[White "Beca95"]
[Black "atbenina64"]
[Result "1/2-1/2"]
[WhiteElo "2998"]
[BlackElo "2823"]
[TimeControl "180+1"]
[EndTime "9:20:17 PDT"]
[Termination "Game drawn - insufficient material"]

1. Nf3 Nf6 2. c4 e6 3. Nc3 d5 4.
e3 Bd6 5. b3 O-O 6. Bb2 Re8 7.
Nb5 Bf8 8. Be5 Na6 9. Qc2 c6 10.
Nc3 Nc5 11. Be2 a5 12. O-O b6 13. h3 Ba6 14. Rfd1 Ncd7 15. d4 Nxe5 16. dxe5 Nd7 17. cxd5 exd5 18. Bxa6 Rxa6 19. e4 Nxe5 20. Nxe5 Rxe5 21.
f4 Bc5+ 22. Kh1 Re7 23. exd5 cxd5 24. Nxd5 Rd7 25. Qf5 Raa7 26. Rd3 Rd6 27. Rad1 g6 28. Qe5 Qh4 29. Qg5 Qxg5 30. fxg5 Kf8 31. Nf6 Rxd3 32.
Rxd3 a4 33. g4 axb3 34. axb3 Ra2 35. Nxh7+ Ke7 36. Nf6 Ke6 37. Ne4 Be7 38. Re3 Kd7 39. Nf6+ Bxf6 40. gxf6 Rf2 41. Re7+ Kd6 42. Rxf7 Ke6 43.
Rb7 Kxf6 44. Rxb6+ Kg5 45. Kg1 Rb2 46. Kf1 Kh4 47.
Rxg6 Kxh3 48. Rb6 Kxg4 49. Ke1 Kf5 50. Kd1 Ke5 51. Kc1 Rh2 52. Rc6 Kd5 53. Rc3 Kd4 54. Rc4+ Kd5 55. Kb1 Rg2 56. Rc3 Rh2 57. Rc1 Rg2 58. Ka1 Rh2 59. Kb1 Rg2 60. Rc2 Rxc2 61. Kxc2 Kc5 62. Kc3 Kb5 63. b4 Kb6 64. Kc4 Kc6 65.
Kd4 Kb5 66. Kc3 Kc6 67. Kc4 Kb6 68. b5 Kb7 69. Kb4 Kb6 70. Ka4 Kb7 71. Ka5 Ka7 72. b6+ Kb7 73. Kb5 Kb8 74. Ka6 Ka8 75. b7+ Kb8 76.
Kb5 Kxb7 1/2-1/2

[Event "Early-Titled-Tuesday-Blitz-July-09-2024"]
[Site "Chess.com"]
[Date "2024.07.09"]
[Round "7"]
[White "chipmunknau"]
[Black "Aggressus"]
[Result "1-0"]
[WhiteElo "2707"]
[BlackElo "2568"]
[TimeControl "180+1"]
[EndTime "9:20:17 PDT"]
[Termination "chipmunknau won on time"]

1. d4 g6 2. c4 Nf6 3. Nf3 Bg7 4. g3 O-O 5. Bg2 d5 6. cxd5 Nxd5 7. O-O Nb6 8. Nc3 Nc6 9. e3 a5 10. Re1 a4 11. Qe2 a3 12. Rd1 axb2 13. Bxb2 Ra5 14.
h3 Be6 15. Nd2 Qa8 16. Nb3 Bc4 17. Qd2 Ra6 18. Nc5 Ra5 19. a4 e5 20. Nb5 exd4 21. Nxc7 Qc8 22. Nb5 Nxa4 23. Nd6 Qc7 24. Nxc4 Rxc5 25.
Rxa4 b5 26. exd4 Rxc4 27. Rxc4 bxc4 28. d5 Ne5 29. Bc3 Rd8 30. Qb2 f5 31. f4 Nd3 32.
Qc2 Bxc3 33. Qxc3 Qb6+ 34. Kh2 Qe3 35. Qxc4 Nf2 36. d6+ Kf8 37. Qd4 Qe2 38. Qh8+ Kf7 39. Bd5+ 1-0

[Event "Early-Titled-Tuesday-Blitz-July-09-2024"]
[Site "Chess.com"]
[Date "2024.07.09"]
[Round "7"]
[White "malakismayil"]
[Black "Evan_Attaker"]
[Result "0-1"]
[WhiteElo "2527"]
[BlackElo "2734"]
[TimeControl "180+1"]
[EndTime "9:20:18 PDT"]
[Termination "Evan_Attaker won on time"]

1. e4 d6 2. d4 Nf6 3. Nc3 g6 4. Be3 Bg7 5. f3 b6 6. Qd2 h5 7. Bd3 Bb7 8. Nge2 Nbd7 9. h3 c5 10. f4 c4 11. Bxc4 Nxe4 12. Nxe4 Bxe4 13. Nc3 Bb7 14.
Bd5 Bxd5 15. Nxd5 Rc8 16. c3 a5 17. Bf2 e6 18. Ne3 d5 19. O-O Nf6 20. Qe2 Qd7 21. Nc2 Ne4 22. Ne1 Bf6 23. Nd3 Qb5 24. Rfe1 h4 25.
a4 Qc4 26. Ne5 Qxe2 27. Rxe2 Bxe5 28. fxe5 Rc4 29. Ra3 Ke7 30. Be1 g5 31. Re3 Rb8 32. b3 Rc6 33. c4 f5 34. exf6+ Nxf6 35. cxd5 Nxd5 36. Re5 Rc1 37. Ra2 Rg8 38. Rae2 Nf4 39. R2e3 Kf6 40. Kh2 Rgc8 41. Rf3 R8c2 42. Rf2 Rxf2 43.
Bxf2 Rc2 44. Kg1 Rxf2 45. Kxf2 Nd3+ 46. Ke3 Nxe5 47. dxe5+ Kxe5 48. Kf3 Kf5 49. Ke3 e5 50. Kf3 e4+ 51. Ke3 Ke5 0-1